 Dungeon Crawl Stone Soup version 0.20-a0-739-g6bb112f (webtiles) character file.

123 Vi the Ruffian (level 4, -2/48 HPs)
             Began as a Troll Fighter on Feb 24, 2017.
             Was a Follower of Ru.
             Slain by a two-headed ogre
             ... wielding a +0 giant club
              (30 damage)
             ... on level 4 of the Dungeon.
             The game lasted 00:06:13 (2494 turns).

Vi the Ruffian (Troll Fighter)                      Turns: 2494, Time: 00:06:14

Health: -2/48      AC:  5    Str: 25    XL:     4   Next: 79%
Magic:  3/3        EV:  8    Int:  4    God:    Ru [*.....]
Gold:   215        SH:  9    Dex: 11    Spells: 3/3 levels left

rFire    . . .     SeeInvis .     - Unarmed
rCold    . . .     Gourm    +   G - +0 robe
rNeg     . . .     Faith    .   b - +0 shield
rPois    .         Spirit   .   (helmet restricted)
rElec    .         Reflect  .   (no cloak)
rCorr    .         Harm     .   (gloves unavailable)
MR       .....                  (boots unavailable)
Stlth    +.........             (no amulet)
Regen    0.6/turn               (no ring)
MPRegen  0.1/turn               (no ring)

@: no status effects
A: unfitting armour, claws 3, fast metabolism 3, gourmand, regeneration 1,
shaggy fur 1, tough skin 2, inexperienced 1
a: Renounce Religion


You were on level 4 of the Dungeon.
You worshipped Ru.
Ru was aware of your devotion.
You were very full.

You visited 1 branch of the dungeon, and saw 4 of its levels.

You collected 215 gold pieces.

Inventory:

Hand Weapons
 a - a +2 whip of flaming
   (You took it off a gnoll on level 3 of the Dungeon)
Armour
 b - a +0 shield (worn)
 G - a +0 robe (worn)
Scrolls
 e - a scroll of remove curse
 h - a scroll of amnesia {unknown}
 l - a scroll of recharging
 m - a scroll of magic mapping {unknown}
 p - 2 scrolls of fog
 s - a scroll of teleportation {unknown}
 y - 4 scrolls of identify
 F - a scroll of enchant weapon {unknown}
Potions
 c - a potion of might
 f - a potion of flight
 g - a potion of mutation {unknown}
 o - a potion of berserk rage {unknown}
 x - a potion of heal wounds {unknown}
 z - a potion of lignification {!q}
Comestibles
 d - 3 bread rations {@e1}
 j - 3 meat rations {@e2}
 r - 2 fruits


   Skills:
 + Level 4.0 Fighting
 - Level 2.4 Dodging
 + Level 4.1 Shields
 + Level 4.7 Unarmed Combat


You had 3 spell levels left.
You didn't know any spells.

Dungeon Overview and Level Annotations

Branches:
Dungeon (4/15)
 Temple: D:4-7

Altars:
Cheibriados
Elyvilon
Fedhas
Kikubaaqudgha
Ru
Uskayaw
Vehumet
The Shining One

Annotations:
D:2 exclusion: oklob plant


Innate Abilities, Weirdness & Mutations

You are too large for most types of armour.
You have claws for hands.
Your metabolism is lightning-fast.
You like to eat raw meat.
Your natural rate of healing is unusually fast.
You are covered in fur. (AC +1)
You have very tough skin. (AC +2)
You are somewhat inexperienced. (-2 XL)


Message History

i - 2 chunks of flesh {@w0} (gained 1) Eating one of 2 chunks of flesh {@w0}.
You eat one of the 2 chunks of flesh {@w0}.
This raw flesh tastes great.
Eating a chunk of flesh {@w0}.
You eat the chunk of flesh {@w0}.
This raw flesh tastes great.
You see here a club.
Items here: ))))))))))))))))) รท You see here 22 arrows.
A hobgoblin comes into view. It is wielding a club.
The hobgoblin shouts!
You block the hobgoblin's attack.
You scratch the hobgoblin. The hobgoblin closely misses you.
You mangle the hobgoblin!!
You kill the hobgoblin!
No target in view!
Things that are here:
a club; a hobgoblin corpse You butcher the hobgoblin corpse.
i - 3 chunks of flesh {@w0} You see here a club.
You see here a dagger.
Eating one of 3 chunks of flesh {@w0}.
You eat one of the 3 chunks of flesh {@w0}.
This raw flesh tastes great.
You see here a whip.
You see here a whip.
You see here a dagger.
You see here a club.
You see here 22 arrows.
Items here: )))))))))))))))))
You see here a club.
Done exploring.
Done exploring.
Eating one of 2 chunks of flesh {@w0}.
You eat one of the 2 chunks of flesh {@w0}.
This raw flesh tastes great.
There is a stone staircase leading down here.
As you read the scroll labeled CIAN PODOCUE, it crumbles to dust.
It is a scroll of identify.
z - a potion of lignification
As you read the scroll labeled VITOPT SIBYGU, it crumbles to dust.
The scroll dissolves into smoke.
It was a scroll of fog.
As you read the scroll labeled VYLEVIER LIKKA, it crumbles to dust.
It is a scroll of recharging.
You aren't carrying any rechargeable items.
As you read the scroll labeled QIPEABESMY, it crumbles to dust.
You feel blessed for a moment.
It was a scroll of remove curse.
It was a potion of flight.
You feel very buoyant.
You fly up into the air.
You fly downwards.
A bullfrog skeleton comes into view.
Found a stone staircase leading up and a stone staircase leading down.
There is a stone staircase leading up here.
You completely miss the bullfrog skeleton.
The bullfrog skeleton hits you.
You barely miss the bullfrog skeleton. The bullfrog skeleton hits you.
You completely miss the bullfrog skeleton.
You block the bullfrog skeleton's attack.
The bullfrog skeleton hits you!
You scratch the bullfrog skeleton.
The bullfrog skeleton barely misses you.
You claw the bullfrog skeleton! The bullfrog skeleton hits you.
You claw the bullfrog skeleton!
You destroy the bullfrog skeleton!
No target in view!
No target in view!
Found a runed chain mail.
A worm comes into view.
You scratch the worm but do no damage.
You are starting to lose your buoyancy.
A worm is nearby!
Unknown command.
You claw the worm! The worm bites you.
You scratch the worm. The worm bites you.
You completely miss the worm. You claw the worm!
You kill the worm!
No target in view!
You float gracefully downwards.
You see here a robe.
Ru believes you are ready to make a new sacrifice.
Ru asks you to sacrifice your experiences.
This is a major sacrifice.
Piety after sacrifice: *.....
Do you really want to make this sacrifice?
You feel less experienced.
You are now level 5!
You are now level 4!
You exude an aura of power that intimidates your foes.
All of the chunks of flesh in your inventory have rotted away.
d - 3 bread rations {@e1} (gained 1)
You now have 215 gold pieces (gained 16).
A two-headed ogre comes into view. It is wielding two giant clubs.
The two-headed ogre shouts in stereo!
You scratch the two-headed ogre. You block the two-headed ogre's attack.
The two-headed ogre barely misses you.
You claw the two-headed ogre!
The two-headed ogre hits you with a giant club!! x2
Ouch! That really hurt!
You die...

#..>....# #.......#
.# #.......# .#
#...[...# .#
#.......# .#
#####.### ##.# #.#
#.. #.# #O# ######
#.# #@# ###....# #.#
#.# .......#
#.#####.# .###.#.#
#....##.# .#
#.#.######.##.# .#
#.#........##.# .#
#.............#
.#####.#####..######
.......#####........


You could see a two-headed ogre.

Vanquished Creatures
  The ghost of Opal the Skirmisher, an amateur DrBe of Trog (D:3)
  An ice beast (D:3)
  A bullfrog skeleton (D:4)
  An orc priest (D:3)
  An orc wizard (D:3)
  3 gnolls (D:3)
  4 adders (D:3)
  An ooze (D:1)
  A worm (D:4)
  2 dart slugs
  3 orcs (D:3)
  A giant cockroach (D:2)
  9 goblins
  8 hobgoblins
  2 jackals (D:3)
  A quokka (D:2)
  11 bats
  7 frilled lizards
  7 kobolds
  12 rats
77 creatures vanquished.

Notes
Turn   | Place    | Note
-------+----------+-------------------------------------------
     0 | D:1      | Vi the Troll Fighter began the quest for the Orb.
     0 | D:1      | Reached XP level 1. HP: 22/22 MP: 0/0
   138 | D:1      | Reached XP level 2. HP: 29/29 MP: 1/1
   385 | D:1      | Reached XP level 3. HP: 33/36 MP: 2/2
  1119 | D:2      | Reached skill level 3 in Shields
  1248 | D:2      | Found a white marble altar of Elyvilon.
  1252 | D:2      | Found a hide-covered altar of Uskayaw.
  1256 | D:2      | Found a snail-covered altar of Cheibriados.
  1256 | D:2      | Found a glowing golden altar of the Shining One.
  1256 | D:2      | Found a sacrificial altar of Ru.
  1258 | D:2      | Found an ancient bone altar of Kikubaaqudgha.
  1260 | D:2      | Found a radiant altar of Vehumet.
  1264 | D:2      | Became a worshipper of Ru the Awakened
  1393 | D:2      | Reached skill level 3 in Unarmed Combat
  1444 | D:2      | Found a blossoming altar of Fedhas.
  1457 | D:2      | Noticed an oklob plant
  1828 | D:3      | Reached XP level 4. HP: 44/44 MP: 3/3
  1835 | D:3      | Reached skill level 3 in Fighting
  1866 | D:3      | Reached XP level 5. HP: 41/53 MP: 4/4
  2056 | D:3      | Noticed an ice beast
  2068 | D:3      | Killed an ice beast
  2068 | D:3      | Reached skill level 4 in Unarmed Combat
  2068 | D:3      | Reached XP level 6. HP: 62/62 MP: 5/5
  2135 | D:3      | Noticed Opal's ghost (amateur DrBe)
  2148 | D:3      | Killed Opal's ghost
  2148 | D:3      | Reached skill level 4 in Fighting
  2148 | D:3      | Reached skill level 4 in Shields
  2465 | D:4      | Gained mutation: You are somewhat inexperienced. (-2 XL) [Ru sacrifice]
  2465 | D:4      | Reached XP level 5. HP: 54/54 MP: 4/4
  2465 | D:4      | Reached XP level 4. HP: 48/48 MP: 3/3
  2465 | D:4      | Reached * piety under Ru
  2489 | D:4      | Noticed a two-headed ogre
  2494 | D:4      | Slain by a two-headed ogre

Vault maps used:
D:1:      elethiomel_arrival_diamonds
D:2:      minitemple, minmay_misc_feat_tower, nrook_loot_triangle,
          moated_statue, tgw_fedhas
D:4:      temple_fountains, first_bread

Skill      XL: |  1  2  3  4  5  6 |
---------------+-------------------+-----
Shields        | 3 4 |  4.1
Unarmed Combat | 3 4 |  4.7
Fighting       | 3 4 |  4.0
Dodging        | |  2.4

Action                   |  1- 3 |  4- 6 || total
-------------------------+-------+-------++-------
Melee: Unarmed           |   126 |    98 ||   224
Invok: Sacrifice Experie |       |     1 ||     1
  Use: Scroll            |       |     4 ||     4
       Potion            |       |     1 ||     1
 Stab: Sleeping          |     1 |     1 ||     2
  Eat: Chunk             |    19 |     9 ||    28
Armor: Robe              |    38 |    18 ||    56
Dodge: Dodged            |    39 |    32 ||    71
Block: Shield            |    62 |    33 ||    95

Vault maps used:
D:1:      elethiomel_arrival_diamonds
D:2:      minitemple, minmay_misc_feat_tower, nrook_loot_triangle,
          moated_statue, tgw_fedhas
D:4:      temple_fountains, first_bread

Table legend:
 A = Turns spent in this place as a percentage of turns spent in the entire game.
 B = Non-inter-level travel turns spent in this place as a percentage of non-inter-level travel turns spent in the entire game.
 C = Inter-level travel turns spent in this place as a percentage of turns spent in this place.
 D = Turns resting spent in this place as a percentage of non-inter-level travel turns spent in this place.
 E = Turns spent auto-exploring this place as a percentage of non-inter-level travel turns spent in this place.
 F = Non-inter-level travel turns spent in this place divided by the number of levels of this place that you've seen.
                   A       B       C       D       E      F
               +-------+-------+-------+-------+-------+----------------------
         Total | 100.0 | 100.0 |   0.6 |   0.0 |  14.6 | 164.5
       Dungeon | 100.0 | 100.0 |   0.6 |   0.0 |  14.6 | 164.5
               +-------+-------+-------+-------+-------+----------------------

Table legend:
 A = Kills in this place as a percentage of kills in entire the game.
 B = Kills by you in this place as a percentage of kills by you in the entire game.
 C = Kills by friends in this place as a percentage of kills by friends in the entire game.
 D = Other kills in this place as a percentage of other kills in the entire game.
 E = Experience gained in this place as a percentage of experience gained in the entire game.
 F = Experience gained in this place divided by the number of levels of this place that you have seen.
                   A       B       C       D       E      F
               +-------+-------+-------+-------+-------+----------------------
         Total | 100.0 | 100.0 |  -nan |  -nan | 100.0 | 166.2
       Dungeon | 100.0 | 100.0 |  -nan |  -nan | 100.0 | 166.2
               +-------+-------+-------+-------+-------+----------------------
